[Event "51st Rilton Cup 2023-24"]
[Site "Stockholm"]
[Date "2023.12.27"]
[Round "1.9"]
[White "Srihari L"]
[Black "Hillarp Persson, Tiger"]
[Result "1/2-1/2"]
[ECO "B42"]
[WhiteElo "2272"]
[BlackElo "2493"]
[Annotator "TA"]
[PlyCount "85"]
[EventDate "2023.12.27"]
[EventType "swiss"]
[EventCountry "SWE"]
[SourceTitle "playchess.com"]
[Source "ChessBase"]
[SourceQuality "1"]
[TimeControl "40/5400+30:1800+30"]

1. e4 c5 2. Nf3 e6 3. d4 cxd4 4. Nxd4 a6 5. Bd3 Bc5 6. Nb3 Be7 7. O-O d6 8. c4 Nf6 {[%emt 0:02:35] B42: Sicilian: Kan Variation: 5 Bd3.} 9. Qe2 Nbd7 10. f4 b6 {[%emt 0:08:27] White has an edge.} 11. Nc3 Bb7 12. Bd2 O-O 13. Rae1 Re8 14. Bc2 {[%emt 0:16:14] [#]} e5 $146 ({Predecessor:} 14... g6 15. Kh1 Qc7 16. Nd4 Bf8 17. Nf3 Rad8 18. Bb1 Bc6 19. b3 Qb7 20. Nd4 Bg7 21. Nxc6 Qxc6 {0-1 Smideliusz,M (1945)-Tesik,C (2159) HUN-ch U16 Budapest 2010 (4)}) 15. g4 {[%emt 0:13:24] Black must now prevent g5.} g6 (15... Nf8 $11) 16. f5 $1 $14 b5 17. g5 (17. Bd3 $14) 17... Nh5 $11 18. f6 (18. cxb5 Bxg5 19. Kh1 Bxd2 20. Qxd2 Ndf6 21. bxa6 Rxa6 $17) (18. Kh1 $5 ) 18... Bf8 19. Bd3 (19. cxb5 axb5 20. a3 (20. Nxb5 Rxa2 21. Rb1 d5 $17) (20. Qxb5 Ba6 $17) 20... h6 $11) 19... bxc4 20. Bxc4 Nb6 21. Bd5 {[%emt 0:03:34] White is now going downhill.} Nxd5 22. Nxd5 a5 23. Rf3 (23. Nc1 $17 {might work better.}) 23... a4 $19 24. Nc1 {[%emt 0:00:18] [#]} Nf4 $1 25. Bxf4 (25. Qb5 Ba6) 25... exf4 26. Qd2 h6 27. h4 (27. gxh6 $17 {is a better defense.} Bxd5 28. h7+ Kxh7 29. Qxd5 Qxf6 30. Nd3) 27... hxg5 28. hxg5 Re5 29. Qxf4 Bxd5 30. Nd3 Be6 {[%emt 0:00:39][%cal Od8a5] Strongly threatening ...Qa5!} (30... Bxa2 31. Qh4 Be6 32. Nf4 Qb6+ 33. Kg2 Qxb2+ 34. Rf2 $11) 31. Nxe5 dxe5 32. Qh4 (32. Qh2 $142) 32... Qd2 (32... Bxa2 33. Rh3 Qb6+ 34. Kh1) 33. Ref1 Rb8 ({Weaker is} 33... Qxb2 34. R3f2 Qd4 35. Kg2 $15) (33... Bxa2 {gets mated.} 34. Rh3) 34. Kh1 Rxb2 (34... Qxb2 35. R3f2 Qb5 36. Kg2 $18) 35. R3f2 {[%emt 0:00:21] Inhibits Qg2+.} Qd4 36. Rxb2 Qxb2 37. Rf2 Qb1+ 38. Kg2 Bc5 39. Rf1 Qxa2+ 40. Kh1 Qc2 41. Re1 a3 42. Re3 a2 ({And not} 42... Bxe3 43. Qh8+ Kxh8 $11) (42... Qb1+ $142 43. Re1 a2 44. Kg2 a1=Q 45. Rxb1 Qxb1 46. Qf2 Bxf2 47. Kxf2 Qxe4 48. Kg1 Qe2 49. Kh1 Bd5+ 50. Kg1 Qg2#) 43. Qh8+ {[%emt 0:00:12][%mdl 32832] Decoy. A fantastic game!   Weighted Error Value: White=0.77/Black=0.19 (very precise) . An unexpected result.} 1/2-1/2

[Event "51st Rilton Cup 2023-24"]
[Site "Stockholm"]
[Date "2023.12.27"]
[Round "1.10"]
[White "Bailet, Pierre"]
[Black "Md Bashiq Imrose"]
[Result "1-0"]
[ECO "B12"]
[WhiteElo "2492"]
[BlackElo "2266"]
[Annotator "TA"]
[PlyCount "49"]
[EventDate "2023.12.27"]
[EventType "swiss"]
[EventCountry "SWE"]
[SourceTitle "playchess.com"]
[Source "ChessBase"]
[SourceQuality "1"]
[TimeControl "40/5400+30:1800+30"]

1. e4 c6 2. d4 d5 3. e5 Bf5 4. Nf3 e6 5. Be2 c5 6. Be3 Qb6 7. Nc3 Nc6 (7... Qxb2 8. Nb5 $16) 8. O-O {[%emt 0:01:28] B12: Caro-Kann: Advance Variation.} Qxb2 9. Nb5 {[%emt 0:04:21] [#] Nc7+ is the strong threat.} (9. Qe1 $5 O-O-O 10. Rb1 Qxc2 11. Bd1 $11) 9... c4 10. Nc7+ {[%emt 0:03:20] White is slightly better.} Kd7 $1 11. Nxa8 Bxc2 12. Qc1 Ba3 {[%emt 0:00:08] Hoping for ...Nge7.} 13. Rb1 Bxb1 ({Better is} 13... Qxb1 $17 14. Qxa3 (14. Qxb1 Bxb1 15. Rxb1 b6 $17) 14... Qb4 15. Nb6+ axb6) 14. Qxb2 $15 {[%emt 0:00:55][%mdl 64] [#] Remove Defender} (14. Qxb1 Nge7 15. Qxb2 Bxb2 $17) 14... Bxb2 15. Rxb1 c3 16. Bc1 Bxc1 (16... Nge7 $15) 17. Rxb7+ $11 ({Much weaker is} 17. Rxc1 Nge7 18. Rxc3 Rxa8 $17) 17... Kd8 {[%emt 0:03:10] aiming for ...Nge7.} 18. Bb5 $36 {[%emt 0:00:36][%mdl 2048] White has the initiative.} Nge7 {[%emt 0:09:18] Strongly threatening ...Bd2.} 19. Bxc6 Nxc6 20. Rc7 {[%emt 0:00:11] [#]} Bd2 $146 ({Predecessor:} 20... Na5 21. Rxc3 Nc4 22. Rxc1 Kd7 23. Rb1 Kc6 24. Ng5 h6 25. Nxf7 Rxa8 26. g3 Rf8 {0-1 Audi,A (2418)-Zakhartsov,V (2531) Novi Sad TS Mix 242nd 2022 (1)}) 21. Rxc6 $18 Re8 22. Kf1 Ke7 23. Nc7 Kd7 (23... Rb8 24. Nxd2 cxd2) 24. Nxe8 ({Not} 24. Rc5 Rc8 $16) 24... Kxc6 25. Nxd2 {[%emt 0:00:17] Weighted Error Value: White=0.11 (very precise) /Black=0.40} (25. Nxg7 $2 {too greedy.} c2 26. Nxd2 c1=Q+ 27. Ke2 Qb2 $19) 1-0

[Event "51st Rilton Cup 2023-24"]
[Site "Stockholm"]
[Date "2023.12.27"]
[Round "1.11"]
[White "Anand, Batsukh"]
[Black "Sivuk, Vitaly"]
[Result "0-1"]
[ECO "A11"]
[WhiteElo "2263"]
[BlackElo "2490"]
[Annotator "TA"]
[PlyCount "166"]
[EventDate "2023.12.27"]
[EventType "swiss"]
[EventCountry "SWE"]
[SourceTitle "playchess.com"]
[Source "ChessBase"]
[SourceQuality "1"]
[TimeControl "40/5400+30:1800+30"]

1. Nf3 d5 2. g3 Bg4 3. Bg2 Nd7 4. c4 e6 5. cxd5 exd5 6. O-O c6 7. d3 Ngf6 8. Nc3 Bc5 9. Qb3 Bb6 10. Na4 {[%emt 0:01:10] A11: English Opening: 1...c6.} O-O 11. h3 Bxf3 12. Bxf3 {[%emt 0:00:09] The position is equal.} Re8 13. Nxb6 axb6 14. Qc2 d4 15. b4 Ne5 16. Bg2 {[%emt 0:01:57] [#]} Qd6 $146 (16... Nd5 $5 ) ({Predecessor:} 16... Nd5 17. Bd2 Qd6 18. Qb2 Nc7 19. a4 b5 20. a5 h6 21. Rac1 Re7 22. f4 Nd7 {1-0 Naroditsky,D (2621)-Dhulipalla,B (2441) Charlotte CCCSA op 2021 (1)}) 17. Bd2 h5 18. h4 (18. b5 $5 ) 18... Neg4 19. Bf3 (19. Rae1 $15) 19... Nd5 (19... Ne3 $1 $17 20. fxe3 Qxg3+ 21. Bg2 Ng4) 20. Kg2 (20. Qb3 $5) 20... Re6 21. Qb2 Qe5 (21... Rae8 $1 $15 22. Rae1 Nge3+ 23. Bxe3 (23. fxe3 $2 {loses.} Rg6 $19) 23... dxe3 24. Bxd5 exf2 25. Bxe6 fxe1=N+ 26. Rxe1 Qxe6) 22. Rg1 (22. a4 $11 {keeps the balance.}) 22... Rae8 $17 {[%emt 0:01:29] ...Qf5 is the strong threat. Black is much more active.} 23. Rae1 $1 b5 24. Qb3 Rd8 25. a4 bxa4 26. Qxa4 Rg6 27. Qa7 b6 $40 {[%emt 0:06:50][%mdl 128] Black mounts an attack.} 28. Qa1 {[%emt 0:00:58] [#]} (28. Rc1 $11) 28... Nge3+ $1 $15 {[%emt 0:01:49] A dynamic duo of knights.} 29. Kh2 Nc2 {[%emt 0:00:24][%csl LRa1,LRb4,LRe1][%mdl 64] Deflection, Double Attack} 30. Qb2 Nxe1 31. Rxe1 Re8 32. Rc1 Ne3 {[%emt 0:04:50] White must now prevent ...Ng4+.} 33. Bxe3 (33. Rg1 $15 Nd5 34. Rc1) 33... dxe3 $17 {[%emt 0:00:08][%mdl 64] Discovered Attack} 34. Qxe5 Rxe5 35. fxe3 Rxe3 $15 {[%emt 0:01:14][%mdl 4096] Endgame KRR-KRB} 36. Ra1 (36. Rc2 $17) 36... Re5 $1 $19 37. Ra8+ Kh7 38. d4 Rb5 (38... Re3 $17 {aiming for ...Rd6.} 39. Rb8 b5) 39. Be4 $1 $11 Rxb4 40. Bxg6+ (40. e3 $1 $11) 40... Kxg6 {[%emt 0:02:22] KR-KR} 41. Rc8 Rc4 42. Rb8 (42. Kg2 $17) 42... Rxd4 $19 43. Rxb6 Rc4 44. Kg2 Kf5 45. Kf3 g6 46. Rb7 Rc3+ 47. e3 Ke6 48. Rc7 Rc1 49. Ke2 f6 (49... c5 $19 50. Rc6+ Kf5) 50. Rg7 $17 Rc5 51. Kf3 Rf5+ 52. Ke4 (52. Ke2 $15) 52... Re5+ (52... c5 $17 53. Rc7 Re5+ 54. Kf3 Kd6) 53. Kf3 Kf5 54. Rc7 Re6 55. Rg7 Re4 56. Rc7 Rc4 57. Re7 Rc3 58. Re8 c5 59. Re7 g5 60. hxg5 fxg5 61. Rf7+ Ke5 62. Re7+ Kf5 63. Rf7+ $1 Kg6 $1 64. Rc7 (64. Rf8 $17 {was worth a try.}) 64... Rc2 (64... Rc1 $1 $19 {is more deadly. Strongly threatening ...c4.} 65. Rc8 c4 66. Rc6+ Kf7 67. Rc7+ Kf6 68. Rc6+ Kf7) 65. Rc8 Kf5 (65... Rc1 $17 {...c4 would be deadly.} 66. Rc7 c4 67. Rc6+ Kf7 68. Rc7+ Ke6) 66. Rf8+ $15 Ke5 67. Re8+ $1 {[%emt 0:00:51] [#]} Kd5 (67... Kd6 $1 $17) 68. g4 $1 $11 h4 69. Rg8 h3 70. Rxg5+ Ke6 71. Rh5 h2 {[%emt 0:00:05] ( -> ...c4)} 72. Ke4 $2 {[%emt 0:00:11][%mdl 8192] [#]} (72. Rh6+ $11 Ke5 73. Rh5+ Kf6 74. e4) 72... Rd2 $1 {[%emt 0:00:15] Black mates.} 73. Kf3 c4 74. e4 c3 75. Ke3 Rg2 76. Kf3 Ra2 77. Ke3 c2 78. Kd2 {[%emt 0:00:05] [#]} c1=Q+ $1 {[%emt 0:00:09][%mdl 576] Promotion} 79. Kxc1 {[%emt 0:00:03] [#]} h1=Q+ $1 80. Rxh1 Ra1+ {[%emt 0:00:04][%mdl 64] Skewer} 81. Kd2 Rxh1 82. Ke3 Ke5 83. g5 Rg1 {[%emt 0:00:05] Weighted Error Value: White=0.17 (very precise) /Black=0.16 (very precise)} 0-1

[Event "51st Rilton Cup 2023-24"]
[Site "Stockholm"]
[Date "2023.12.27"]
[Round "1.12"]
[White "Kaasen, Tor Fredrik"]
[Black "Bellon Lopez, Juan Manuel"]
[Result "1/2-1/2"]
[ECO "A57"]
[WhiteElo "2473"]
[BlackElo "2260"]
[Annotator "TA"]
[PlyCount "77"]
[EventDate "2023.12.27"]
[EventType "swiss"]
[EventCountry "SWE"]
[SourceTitle "playchess.com"]
[Source "ChessBase"]
[SourceQuality "1"]
[TimeControl "40/5400+30:1800+30"]

1. d4 Nf6 2. c4 c5 3. d5 b5 4. cxb5 a6 5. e3 g6 6. Nc3 Bg7 7. a4 O-O 8. Nf3 d6 9. Bd2 {[%emt 0:01:58] A57: Benko/Volga Gambit.} Ne8 (9... e6 $14) 10. Be2 Nd7 11. O-O {[%emt 0:02:18] White is better.} Nc7 12. e4 {[%emt 0:02:06] [#]} Rb8 $146 ({Predecessor:} 12... axb5 13. axb5 Rb8 14. Qb3 Nb6 15. Ra7 Bd7 16. Rfa1 Nc8 17. R7a5 Qe8 18. Be3 Kh8 {1-0 Izzat,K (2454)-Kasparov,S (2470) Australian op 2017 (11)}) 13. Re1 axb5 14. axb5 Nb6 15. Qc1 Bd7 16. Bh6 Nc8 {[%emt 0:04:02][%cal Rc7b5] [#]} 17. e5 {[%emt 0:08:47] White is more active.} Bg4 (17... Bxb5 $14 18. Bxg7 Kxg7) 18. exd6 exd6 19. Bxg7 Kxg7 {[%emt 0:00:23] [#]} 20. Ne5 dxe5 $11 (20... Bxe2 $2 21. Nc6 Qh4 22. Nxb8 $18) 21. Bxg4 Nd6 $1 22. Be2 Re8 23. Qe3 Ncxb5 24. Bxb5 Nxb5 25. Qxc5 Nxc3 26. bxc3 Rc8 27. Qb5 Rxc3 28. d6 {[%emt 0:00:48] Black must now prevent d7.} Qb8 29. Qd5 {[%emt 0:01:28] Hoping for Rad1.} Rc2 (29... Rb3 $1 $11) 30. h4 (30. Rxe5 $2 {perishes.} Qb2 31. Ree1 (31. Rxe8 $2 {gets mated.} Qxa1+) 31... Rce2 $19) (30. d7 Rd8 $11) (30. Rac1 $14 Rxc1 31. Rxc1) 30... Qb6 {[%emt 0:01:24] The position is equal.} 31. Re3 (31. Rxe5 $2 {too greedy.} Qxf2+ 32. Kh1 Rec8 $19) 31... Qc5 32. Qxc5 Rxc5 {[%emt 0:00:04][%mdl 4096] Endgame KRR-KRR} 33. Ra7 e4 34. Rb3 Rd8 35. Rbb7 Rf5 36. Rd7 Rxd7 37. Rxd7 Rd5 38. Re7 Rxd6 39. Rxe4 {[%emt 0:00:06] Weighted Error Value: White=0.13 (very precise) /Black=0.10 (very precise)} 1/2-1/2

[Event "51st Rilton Cup 2023-24"]
[Site "Stockholm"]
[Date "2023.12.27"]
[Round "1.13"]
[White "Wiebe, Patrick"]
[Black "Costa, Leonardo"]
[Result "0-1"]
[ECO "A13"]
[WhiteElo "2254"]
[BlackElo "2472"]
[Annotator "TA"]
[PlyCount "88"]
[EventDate "2023.12.27"]
[EventType "swiss"]
[EventCountry "SWE"]
[SourceTitle "playchess.com"]
[Source "ChessBase"]
[SourceQuality "1"]
[TimeControl "40/5400+30:1800+30"]

1. c4 Nf6 2. g3 e6 3. Bg2 d5 4. Nf3 dxc4 5. Na3 Bxa3 6. bxa3 {[%emt 0:00:05] White is weak on the light squares} b5 {[%emt 0:00:04] was the old line (6...0-0). A13: English Opening: 1...e6.} 7. Bb2 Bb7 8. O-O Nbd7 {[%emt 0:16:13] The position is equal.} 9. a4 a6 10. axb5 axb5 11. a4 bxa4 12. Rxa4 Bd5 {[%emt 0:00:03] [#]} 13. Nd4 $146 ({Predecessor:} 13. Ne5 Bxg2 14. Kxg2 Nxe5 15. Bxe5 O-O 16. Bxf6 gxf6 17. Rxa8 Qd5+ 18. Kg1 Rxa8 19. Qc2 {0-1 Wolfsteiner,H (2271)-Teske,H (2486) Augsburg Afro op 2001 (7)}) 13... Bxg2 14. Kxg2 Nb6 15. Rxa8 Qxa8+ 16. f3 O-O 17. Qc2 Qd5 18. Ra1 Rd8 19. Bc3 Qd7 {[%emt 0:05:00] ...c5 is the strong threat.} 20. e4 Ne8 21. Ra5 Nd6 22. Rg5 (22. Qb1 $15) 22... f6 $17 23. Ra5 Nb7 $36 {[%emt 0:08:12][%mdl 2048] Black is really pushing.} 24. Ra7 Nc5 25. Ne2 (25. Qb2 $15) 25... e5 26. Ba5 {[%emt 0:01:43] Strongly threatening Bxb6.} Qb5 27. Nc3 {[%emt 0:03:58] [#]} Qb3 {[%emt 0:00:05] Black is more active.} 28. Qa2 (28. Qc1 $17) 28... Nca4 $2 (28... Nba4 $19 {aiming for ...Rd3.} 29. Kh3 h5 30. Rxc7 Rd3 31. Qxb3 (31. Rc8+ $2 Kh7 $17) 31... cxb3) 29. Kh3 $2 {[%emt 0:00:47][%mdl 8192] [#]} (29. Rxc7 $11 Rd3 30. Qxb3 cxb3 31. Nb1) 29... Rd7 $2 (29... Nxc3 $1 $19 {and Black stays clearly on top.} 30. Qxb3 {[%mdl 64] Remove Defender} cxb3 31. Bxc3 Rxd2 32. Rxc7 (32. Bxd2 $2 b2 $19) 32... b2 33. Bxb2 Rxb2) 30. Qa1 h5 (30... Rxd2 $6 31. Bxb6 (31. Rxc7 Nxc3 32. Bxc3 Ra2 $17) (31. Nxa4 $2 Ra2 $19) 31... Nxb6 32. Rxc7 $11) 31. Qf1 $2 (31. Bxb6 $17 Nxb6 32. Qe1) 31... Rxd2 $19 32. Nxa4 Rd1 (32... Qxa4 $19 33. Bxb6 Qd7+ 34. g4 hxg4+ 35. Kg3 Rd3 36. Rxc7 Qd6 37. Rc8+ (37. Rxc4 $2 Rxf3+ $19) 37... Kh7) 33. Qe2 $11 Nxa4 34. Ra8+ (34. f4 $5 g6 $8 35. fxe5 $11) 34... Kh7 (34... Kf7 $5 35. f4 $8 g6 $11) 35. f4 $1 g6 (35... exf4 $2 36. Qxh5#) 36. f5 {[%emt 0:00:22] White threatens fxg6+ and mate.} c3 $2 (36... Rd4 $11 37. fxg6+ Kxg6 38. Rg8+ (38. Bxc7 c3 $17) (38. Rh8 $2 Qd1 $19) 38... Kh7 39. Qxh5+ (39. Rc8 Kg6 $11) 39... Kxg8 40. Qg6+ Kh8 41. Qxf6+ Kh7) 37. Rc8 $4 (37. fxg6+ $18 Kxg6 38. Kh4 (38. Bxc7 $2 {loses.} Rd2 $19) (38. Rh8 $2 Qe6+ 39. Kh4 Qg4+ 40. Qxg4+ hxg4 $19)) 37... Rd7 $19 38. Qf3 {[%emt 0:00:34] Hoping for fxg6+.} Kg7 (38... Qf7 $19 39. fxg6+ Qxg6 40. Bxc7 Nc5) 39. Rxc7 $2 (39. Bb4 $11 c5 40. Bxc5 Nxc5 41. Rxc5) 39... Rxc7 40. Bxc7 Qc4 41. fxg6 Qxc7 42. Qxh5 Kg8 {[%emt 0:03:25] ( -> ...c2)} 43. Qd1 c2 44. Qc1 {[%emt 0:00:06] [#]} Nb2 $1 {[%emt 0:02:00][%mdl 576] Promotion.   Weighted Error Value: White=0.86/Black=0.58} 0-1

[Event "51st Rilton Cup 2023-24"]
[Site "Stockholm"]
[Date "2023.12.27"]
[Round "1.14"]
[White "Rozentalis, Eduardas"]
[Black "Acikel, Mert"]
[Result "1/2-1/2"]
[ECO "C68"]
[WhiteElo "2454"]
[BlackElo "2253"]
[Annotator "RC"]
[PlyCount "65"]
[EventDate "2023.12.27"]
[EventType "swiss"]
[EventCountry "SWE"]
[SourceTitle "playchess.com"]
[Source "ChessBase"]
[SourceQuality "1"]
[TimeControl "40/5400+30:1800+30"]

1. e4 e5 2. Nf3 Nc6 3. Bb5 a6 4. Bxc6 dxc6 5. d3 Qf6 6. Bg5 Qg6 7. h4 f6 8. h5 Qf7 9. Be3 Bd7 10. a3 O-O-O 11. Nc3 Nh6 12. Bxh6 gxh6 13. Ne2 Bg4 14. Ng3 Rg8 15. Qd2 c5 16. c4 f5 17. Nxe5 Qe6 18. Nxg4 Rxg4 19. O-O-O fxe4 20. Rhe1 Bd6 21. Qe2 Bxg3 22. fxg3 Rd4 23. Qf2 b6 24. Re3 Qd7 25. Qe2 Qe6 26. Qf1 Qg8 27. Kb1 Rxd3 28. Rdxd3 exd3 29. Qf3 Qxc4 30. Re7 Qc2+ 31. Ka2 Qc4+ 32. Ka1 Qc1+ 33. Ka2 1/2-1/2

[Event "51st Rilton Cup 2023-24"]
[Site "Stockholm"]
[Date "2023.12.27"]
[Round "1.15"]
[White "Eriksson, Dan"]
[Black "Chasin, Nico"]
[Result "0-1"]
[ECO "C02"]
[WhiteElo "2253"]
[BlackElo "2444"]
[Annotator "RC"]
[PlyCount "50"]
[EventDate "2023.12.27"]
[EventType "swiss"]
[EventCountry "SWE"]
[SourceTitle "playchess.com"]
[Source "ChessBase"]
[SourceQuality "1"]
[TimeControl "40/5400+30:1800+30"]

1. e4 e6 2. d4 d5 3. e5 c5 4. c3 Nc6 5. Nf3 Qb6 6. a3 Nh6 7. b4 cxd4 8. cxd4 Nf5 9. Be3 f6 10. exf6 gxf6 11. Bd3 Nxe3 12. fxe3 Bh6 13. b5 Na5 14. Ne5 Bxe3 15. Qh5+ Kd8 16. Nf7+ Kc7 17. Nxh8 Qxd4 18. Qxh7+ Bd7 19. Ra2 Rxh8 20. Qxh8 Qxd3 21. Nd2 Bxb5 22. Qg7+ Kb6 23. Qg4 Nb3 24. Qd1 d4 25. Nxb3 Qc3+ 0-1

[Event "51st Rilton Cup 2023-24"]
[Site "Stockholm"]
[Date "2023.12.27"]
[Round "1.16"]
[White "Sokolovsky, Yahli"]
[Black "Krawczyk, Flawian"]
[Result "1-0"]
[ECO "B08"]
[WhiteElo "2443"]
[BlackElo "2251"]
[Annotator "RC"]
[PlyCount "119"]
[EventDate "2023.12.27"]
[EventType "swiss"]
[EventCountry "SWE"]
[SourceTitle "playchess.com"]
[Source "ChessBase"]
[SourceQuality "1"]
[TimeControl "40/5400+30:1800+30"]

1. e4 c5 2. Nf3 d6 3. d4 cxd4 4. Qxd4 Nf6 5. Nc3 Nc6 6. Qd3 g6 7. Be2 Bg7 8. O-O O-O 9. Nd5 Bg4 10. c3 Nxd5 11. exd5 Ne5 12. Nxe5 Bxe2 13. Qxe2 Bxe5 14. a4 Qc7 15. a5 Bg7 16. Ra4 Rae8 17. Be3 a6 18. Qc4 Rc8 19. Qb3 Qd7 20. Rb4 Rc7 21. Rb6 e5 22. dxe6 fxe6 23. Qb4 d5 24. Rd1 Qf7 25. Qd6 Re8 26. Qg3 Rd7 27. f4 e5 28. Rf1 d4 29. fxe5 Bxe5 30. Rxf7 Bxg3 31. Rxd7 dxe3 32. Rbxb7 e2 33. Rg7+ Kh8 34. Rxh7+ Kg8 35. Rhg7+ Kh8 36. Rh7+ Kg8 37. Rbg7+ Kf8 38. Rf7+ Kg8 39. Rfg7+ Kf8 40. Rh8+ Kxg7 41. Rxe8 e1=Q+ 42. Rxe1 Bxe1 43. Kf1 Bd2 44. Ke2 Bf4 45. h4 Kf6 46. b4 Bg3 47. Kf3 Be5 48. c4 Bc3 49. b5 Bxa5 50. bxa6 Bb6 51. Ke4 Ke6 52. g4 Kd6 53. h5 gxh5 54. gxh5 Kc6 55. h6 Ba5 56. h7 Bc3 57. c5 Ba1 58. Kf5 Bb2 59. Ke6 Bd4 60. a7 1-0

[Event "51st Rilton Cup 2023-24"]
[Site "Stockholm"]
[Date "2023.12.27"]
[Round "1.17"]
[White "Kokoszczynski, Jan"]
[Black "Trost, Edvin"]
[Result "1/2-1/2"]
[ECO "E54"]
[WhiteElo "2250"]
[BlackElo "2434"]
[Annotator "RC"]
[PlyCount "203"]
[EventDate "2023.12.27"]
[EventType "swiss"]
[EventCountry "SWE"]
[SourceTitle "playchess.com"]
[Source "ChessBase"]
[SourceQuality "1"]
[TimeControl "40/5400+30:1800+30"]

1. d4 Nf6 2. c4 e6 3. Nc3 Bb4 4. e3 O-O 5. Bd3 d5 6. a3 Bxc3+ 7. bxc3 dxc4 8. Bxc4 c5 9. Nf3 Qc7 10. Be2 b6 11. O-O Ba6 12. Bxa6 Nxa6 13. Qe2 Nb8 14. e4 cxd4 15. cxd4 Nbd7 16. Re1 Rac8 17. a4 Qc4 18. Ba3 Rfe8 19. Qe3 Qc3 20. Qf4 h6 21. h3 e5 22. dxe5 Nxe5 23. Rec1 Nxf3+ 24. gxf3 Qd4 25. Rd1 Qxa4 26. Bb2 Nh5 27. Qxf7+ Kxf7 28. Rxa4 Re7 29. e5 Rc2 30. Bc1 Rcc7 31. f4 Red7 32. Re1 Ke6 33. Be3 g6 34. Rea1 Kf5 35. Kg2 Ng7 36. Kf3 Ne6 37. R1a2 Rb7 38. R2a3 Rdc7 39. h4 b5 40. Rb4 Rc4 41. Rxc4 bxc4 42. Rxa7 Rxa7 43. Bxa7 c3 44. Be3 c2 45. Ke2 Nxf4+ 46. Kd2 Kxe5 47. f3 h5 48. Kxc2 Ng2 49. Kd3 Nxh4 50. Ke2 Ng2 51. Ba7 Nh4 52. Kf2 Nf5 53. Bb6 Kd5 54. Bd8 Kd4 55. Bf6+ Kd3 56. Bd8 Nd4 57. Be7 Ne2 58. Bd8 Nf4 59. Be7 Kc2 60. Bd8 Kd1 61. Be7 Nd3+ 62. Ke3 Ne5 63. Kf2 Kd2 64. Bg5+ Kd3 65. Bf6 Nf7 66. Be7 Nh6 67. Bg5 Nf5 68. Bd8 Kd4 69. Bf6+ Kd5 70. Bd8 Ke6 71. Bg5 Nd4 72. Bd8 Nc6 73. Bc7 Kf5 74. Bd6 Ne5 75. Bc7 Nd3+ 76. Ke3 Nb4 77. Kf2 Nd5 78. Bb8 Ke6 79. Bh2 Nc3 80. Bb8 Kd5 81. Bc7 Kd4 82. Bd8 Kd3 83. Bg5 Nd1+ 84. Ke1 Ne3 85. Kf2 Nf5 86. Bd8 Kd4 87. Bf6+ Kd5 88. Bd8 Nd4 89. Bc7 Ke6 90. Bb6 Ke5 91. Bc7+ Kf5 92. Bd6 Ne6 93. Bb8 g5 94. Bd6 Nf4 95. Bb8 Ke6 96. Bc7 Kf6 97. Bb8 Kf5 98. Bc7 Ke6 99. Bd8 Kf5 100. Bc7 Ne6 101. Bd6 Kf6 102. Bb8 1/2-1/2

[Event "51st Rilton Cup 2023-24"]
[Site "Stockholm"]
[Date "2023.12.27"]
[Round "1.18"]
[White "Malek, Jan"]
[Black "Xylogiannopoulos, Antonios"]
[Result "*"]
[ECO "D10"]
[WhiteElo "2434"]
[BlackElo "2248"]
[Annotator "RC"]
[PlyCount "116"]
[EventDate "2023.12.27"]
[EventType "swiss"]
[EventCountry "SWE"]
[SourceTitle "playchess.com"]
[Source "ChessBase"]
[SourceQuality "1"]
[TimeControl "40/5400+30:1800+30"]

1. d4 d5 2. c4 c6 3. cxd5 cxd5 4. Bg5 h6 5. Bh4 Qb6 6. Qd2 Nc6 7. Nc3 g5 8. Bg3 Nf6 9. e3 Bf5 10. h4 Ne4 11. Nxe4 Bxe4 12. f3 Bf5 13. Ne2 e5 14. Nc3 O-O-O 15. Na4 Qb4 16. Qxb4 Bxb4+ 17. Kf2 exd4 18. exd4 Rhe8 19. hxg5 Bd2 20. Bb5 Be3+ 21. Kf1 Nxd4 22. Be2 Nxe2 23. Kxe2 Bxg5+ 24. Kd1 Be3 25. Be1 Rd6 26. Bd2 d4 27. Rc1+ Kb8 28. b3 Rde6 29. Re1 Bxd2 30. Rxe6 Rxe6 31. Kxd2 Rc6 32. Nc5 h5 33. Nd3 Bxd3 34. Rxc6 bxc6 35. Kxd3 c5 36. b4 cxb4 37. Kxd4 Kc7 38. Kc5 h4 39. Kxb4 Kd6 40. Kc4 Ke5 41. Kd3 Kf4 42. Ke2 Kg3 43. Kf1 a5 44. a4 f6 45. Kg1 f5 46. Kf1 f4 47. Kg1 h3 48. gxh3 Kxh3 49. Kf2 Kh2 50. Ke2 Kg3 51. Ke1 Kxf3 52. Kf1 Ke3 53. Ke1 Kd3 54. Kf2 Kc3 55. Kf3 Kb3 56. Kxf4 Kxa4 57. Ke3 Kb3 58. Kd2 Kb2 *

[Event "51st Rilton Cup 2023-24"]
[Site "Stockholm"]
[Date "2023.12.27"]
[Round "1.19"]
[White "Rakshitta Ravi"]
[Black "Terrieux, Kevin"]
[Result "1-0"]
[ECO "D31"]
[WhiteElo "2245"]
[BlackElo "2432"]
[Annotator "RC"]
[PlyCount "63"]
[EventDate "2023.12.27"]
[EventType "swiss"]
[EventCountry "SWE"]
[SourceTitle "playchess.com"]
[Source "ChessBase"]
[SourceQuality "1"]
[TimeControl "40/5400+30:1800+30"]

1. d4 d5 2. c4 e6 3. Nc3 a6 4. cxd5 exd5 5. Nf3 c6 6. e4 dxe4 7. Ng5 Be7 8. Bc4 Nh6 9. Ncxe4 b5 10. Bb3 O-O 11. O-O Bf5 12. h3 Bxe4 13. Nxe4 Nf5 14. Qg4 g6 15. Rd1 Ra7 16. Bf4 Nd7 17. Rac1 Nf6 18. Nxf6+ Bxf6 19. Rxc6 Bxd4 20. Bg5 Qe8 21. Rd6 Bg7 22. R6d5 Qc8 23. Qb4 h6 24. Bf4 Bxb2 25. Rc5 a5 26. Qxb5 Qe8 27. Qb6 Nh4 28. Bg3 Qe4 29. Bd5 Qe2 30. Rb1 Bd4 31. Bxh4 Ra6 32. Qb5 1-0

[Event "51st Rilton Cup 2023-24"]
[Site "Stockholm"]
[Date "2023.12.27"]
[Round "1.20"]
[White "Malek, Jan"]
[Black "Xylogiannopoulos, Antonios"]
[Result "1-0"]
[ECO "B01"]
[WhiteElo "2434"]
[BlackElo "2248"]
[Annotator "RC"]
[PlyCount "89"]
[EventDate "2023.12.27"]
[EventType "swiss"]
[EventCountry "SWE"]
[SourceTitle "playchess.com"]
[Source "ChessBase"]
[SourceQuality "1"]
[TimeControl "40/5400+30:1800+30"]

1. e4 d5 2. exd5 Qxd5 3. Nc3 Qd8 4. d4 Nf6 5. Nf3 Bg4 6. h3 Bxf3 7. Qxf3 c6 8. Bd2 e6 9. O-O-O Be7 10. g4 Nbd7 11. g5 Nd5 12. Ne4 b5 13. h4 Qc7 14. h5 Rf8 15. g6 fxg6 16. Qg4 N7f6 17. Qxe6 Nxe4 18. Qxe4 O-O-O 19. hxg6 h6 20. f3 Nb6 21. Rh5 Bd6 22. Kb1 Rde8 23. Qg4+ Qd7 24. Bd3 Qxg4 25. fxg4 Bf4 26. c3 Bxd2 27. Rxd2 Re1+ 28. Kc2 Rg1 29. Rf5 Rxf5 30. Bxf5+ Kd8 31. Re2 Nc4 32. Kb3 a5 33. a4 Ra1 34. Re6 Rc1 35. Re2 Ra1 36. axb5 cxb5 37. Bd3 Nd6 38. Re5 a4+ 39. Kb4 Ra2 40. Kc5 Nc4 41. Rd5+ Ke7 42. Rf5 Rxb2 43. Rf7+ Ke8 44. Rxg7 Kf8 45. Ra7 1-0